 Dungeon Crawl Stone Soup version 0.15.1-4-gac8487e (console) character file.

2 kusayu the Magician (level 1, -3/11 HPs)
             Began as an Octopode Wizard on Oct 13, 2014.
             Slain by a hobgoblin
             ... wielding a +0 club
              (4 damage)
             ... on Level 1 of the Dungeon.
             The game lasted 00:02:47 (155 turns).

kusayu the Magician (Octopode Wizard)                Turns: 155, Time: 00:02:48

HP  -3/11        AC  1     Str  6      XL: 1   Next: 30%
MP   1/4         EV 12     Int 20      God:
Gold 3           SH  0     Dex 10      Spells:  1 memorised,  5 levels left

rFire  . . .     SeeInvis .     (no weapon)
rCold  . . .     Clarity  .     (no shield)
rNeg   . . .     rCorr    .     b - +0 hat
rPois  .         rRot     .     (no amulet)
rElec  .         Spirit   .     (no ring)
SustAb .         Warding  .     (no ring)
rMut   .         Stasis   .     (no ring)
Gourm  .                        (no ring)
MR     .....                    (no ring)
                                (no ring)
                                (no ring)
                                (no ring)

@: not resistant to hostile enchantments, fairly stealthy
A: almost no armour, amphibious, 8 rings, constrict 8, camouflage 1, gelatinous
body 1
a: no special abilities


You were on level 1 of the Dungeon.
You were not hungry.

You visited 1 branch of the dungeon, and saw 1 of its levels.

You collected 3 gold pieces.

Inventory:

Armour
 b - a +0 hat (worn)
Comestibles
 d - a bread ration
Scrolls
 a - a scroll of magic mapping {unknown}
 f - a scroll of teleportation {unknown}
Potions
 e - a potion of curing {unknown}
Books
 c - a book of Minor Magic

   Spells                             Type                      Level
   *Magic Dart                        Conjuration                  1
   Blink                              Translocation                2
   Call Imp                           Summoning                    2
   Repel Missiles                     Charms/Air                   2
   Slow                               Hexes                        2
   Conjure Flame                      Conjuration/Fire             3
   Mephitic Cloud                     Conjuration/Poison/Air       3


   Skills:
 - Level 2.0 Dodging
 - Level 2.6 Stealth
 - Level 3.0 Spellcasting
 + Level 1.3 Conjurations
   Level 1.0 Summonings
   Level 1.0 Translocations


You had 5 spell levels left.
You knew the following spells:

 Your Spells              Type           Power        Failure   Level  Hunger
a - Magic Dart            Conj           #...         10%         1    None


Dungeon Overview and Level Annotations

Branches:
Dungeon (1/15)

Altars:


Innate Abilities, Weirdness & Mutations

You cannot wear most types of armour.
You are amphibious.
You can wear up to eight rings at the same time.
You can use your tentacles to constrict many enemies at once.
Your skin changes colour to match your surroundings (Stealth).
Your rubbery body absorbs attacks (AC +1).


Message History

The hobgoblin hits you with a club.
You tentacle-slap the hobgoblin but do no damage.
Your grab misses the hobgoblin.
The hobgoblin is heavily wounded.
The hobgoblin barely misses you.
You closely miss the hobgoblin. You grab the hobgoblin.
You squeeze the hobgoblin.
The hobgoblin is severely wounded.
You constrict the hobgoblin, but do no damage.
The hobgoblin hits you with a club.
Ouch! That really hurt!
You tentacle-slap the hobgoblin.
The hobgoblin is almost dead.
You constrict the hobgoblin, but do no damage.
The hobgoblin hits you with a club.
* * * LOW HITPOINT WARNING * * *
You tentacle-slap the hobgoblin but do no damage.
The hobgoblin is almost dead.
You constrict the hobgoblin, but do no damage.
The hobgoblin hits you with a club.
You die...

##......##'###'##...##'###'##......##
#....#'##...#...#.>.#...#...##'#....#
#..###..#...#...#...#...#...#..###..#
##'##...#...##.#######.##...#...##'##
#...#...#...#### ####...#...#...#
#...#...#...# #...#...#..§#
#≈≈≈#≈≈≈#≈.≈# #≈≈≈#≈§§#≈≈≈#
#≈≈≈#≈≈≈#≈.≈# #§§≈#≈§§#≈≈§#
#≈≈≈#≈≈≈#≈.≈# #≈≈≈#≈≈§#≈≈§#
#≈≈≈#≈≈≈#≈≈.## ##§≈≈#≈§§#≈≈§#
#≈≈≈#≈≈≈#≈≈.≈### ###≈≈≈≈#§≈≈#≈§≈#
#.≈≈≈≈≈≈#≈≈.≈≈≈#######≈≈≈≈≈≈#≈≈≈≈≈≈.#
#....≈≈≈≈≈≈≈.≈≈≈≈...§≈§≈≈≈≈≈§≈≈≈....#
##......≈≈≈≈.≈≈≈≈..%≈§§§≈§§≈≈......##
###..........≈≈≈...≈§§..........###
#####.....................#####
######...........###### ######.######
#.########## #..@gg......
#####....... ..... .... ... .


You could see 2 hobgoblins.

Vanquished Creatures
  A giant gecko (D:1)
1 creature vanquished.

Notes
Turn   | Place    | Note
--------------------------------------------------------------
     0 | D:1      | kusayu, the Octopode Wizard, began the quest for the Orb.
     0 | D:1      | Reached XP level 1. HP: 11/11 MP: 4/4
   155 | D:1      | Slain by a hobgoblin

Action                   || total
-------------------------++-------
Melee: Unarmed           ||     5
 Cast: Magic Dart        ||     6
